 Dungeon Crawl Stone Soup version 0.29-a0-221-gceb61267dd (webtiles) character file.

Game seed: 3677311687607505832

266 Ajdolov the Ruffian (level 6, 0/59 HPs)
             Began as a Troll Monk on Feb 27, 2022.
             Slain by Pikel
             ... wielding a +0 whip of electrocution
              (9 damage)
             ... on level 4 of the Dungeon.
             The game lasted 00:02:54 (2156 turns).

Ajdolov the Ruffian (Troll Monk)                    Turns: 2156, Time: 00:02:54

Health: 0/59       AC:  6    Str: 22    XL:     6   Next: 0%
Magic:  5/5        EV: 10    Int:  6    God:
Gold:   103        SH:  0    Dex: 12    Spells: 5/5 levels left

rFire   . . .      SeeInvis .     - Unarmed
rCold   . . .      Faith    .   (no shield)
rNeg    . . .      Spirit   .   a - +0 robe
rPois   .          Reflect  .   (helmet restricted)
rElec   .          Harm     .   c - +1 cloak
rCorr   .          Rampage  .   (gloves unavailable)
Will    .....                   (boots unavailable)
Stlth   ++........              (no amulet)
HPRegen 0.99/turn               (no ring)
MPRegen 0.09/turn               (no ring)

@: no status effects
A: large, unfitting armour, claws 3, regeneration 1, shaggy fur 1, tough skin 1
a: no special abilities


You were on level 4 of the Dungeon.
You visited 1 branch of the dungeon, and saw 4 of its levels.

You collected 103 gold pieces.

Inventory:

Armour
 a - a +0 robe (worn)
 c - a +1 cloak (worn)
Jewellery
 k - a ring of wizardry
Scrolls
 b - a scroll of fog {unknown}
 d - 4 scrolls of identify {unknown}
 f - a scroll of silence {unknown}
 g - 2 scrolls of teleportation {unknown}
 h - a scroll of enchant weapon {unknown}
 j - a scroll of immolation {unknown}
 p - a scroll of vulnerability {unknown}
Potions
 e - a potion of cancellation {unknown}
 i - a potion of might {unknown}
 l - a potion of lignification {unknown}
 m - a potion of haste {unknown}
 n - 2 potions of mutation {unknown}
 o - a potion of degeneration {unknown}


   Skills:
 - Level 2.4 Fighting
 - Level 2.4 Dodging
 - Level 1.0 Stealth
 * Level 6.8 Unarmed Combat


You had 5 spell levels left.
You didn't know any spells.
Your spell library contained the following spells:

 Spells                   Type           Power      Damage    Failure   Level
 Scorch                   Fire           0%         2d5       58%         2
 Ozocubu's Armour         Ice            0%         N/A       83%         3
 Summon Guardian Golem    Hex/Summ       0%         N/A       83%         3
 Flame Wave               Conj/Fire      0%         2d4       99%         4
 Metabolic Englaciation   Hex/Ice        0%         N/A       100%        5
 Summon Forest            Summ/Tloc      0%         N/A       100%        5
 Summon Mana Viper        Hex/Summ       0%         N/A       100%        5
 Simulacrum               Ice/Necr       0%         N/A       100%        6
 Summon Cactus Giant      Summ           0%         N/A       100%        6
 Orb of Destruction       Conj           0%         9d5       100%        7
 Spellforged Servitor     Conj/Summ      0%         N/A       100%        7


Dungeon Overview and Level Annotations

Branches:
Dungeon (4/15)
 Temple: D:4-7

Altars:
Dithmenos
Sif Muna
Wu Jian

Annotations:
D:4 Pikel


Innate Abilities, Weirdness & Mutations

You are too large for most types of armour.
You have claws for hands.
Your natural rate of healing is unusually fast.
You are covered in fur. (AC +1)
You have tough skin. (AC +1)


Message History

You feel sick.
You are no longer poisoned.
There is a stone staircase leading up here.
Pikel and 3 lemures come into view.
Pikel is wielding a +0 whip of electrocution and wearing a +2 robe of willpower.
The lemure shouts! x2
A lemure comes into view.
The lemure moves out of view.
There are monsters nearby!
Pikel hits you with a +0 whip of electrocution!
The lemure shouts! x2
You claw Pikel!
Pikel is moderately wounded.
Pikel hits you with a +0 whip of electrocution!
You miss Pikel.
Pikel is moderately wounded.
You barely miss Pikel. You claw Pikel, but do no damage.
Pikel is moderately wounded.
Pikel closely misses you.
You scratch Pikel but do no damage.
Pikel is moderately wounded.
Pikel hits you with a +0 whip of electrocution.
You claw Pikel!
Pikel is heavily wounded.
Pikel hits you with a +0 whip of electrocution.
You are electrocuted!
You barely miss Pikel. Your claw misses Pikel.
Pikel is heavily wounded.
Pikel hits you but does no damage.
You miss Pikel.
Pikel is heavily wounded.
Pikel hits you with a +0 whip of electrocution.
You are electrocuted!
* * * LOW HITPOINT WARNING * * *
You scratch Pikel but do no damage.
Pikel is heavily wounded.
Pikel hits you with a +0 whip of electrocution.
* * * LOW HITPOINT WARNING * * *
You are electrocuted!
You die...

#. ..# #########.
#####.# ..........
.....# #########. ....#
#..<.. .55# #.##.. 55#
#.##(. #K# #.##..
######@###########.##..
#...................##..
.........#############..
#..:...... ........
...#..##### #######. ##
#.. ..... ....... #.#
###.... ####### .. ..
... ### .# ..... #..


You could see Pikel and 4 lemures.

Vanquished Creatures
  A hound (D:4)
  An iguana (D:4)
  Terence (D:2)
  An orc wizard (D:3)
  7 adders
  A worm (D:2)
  3 dart slugs
  11 orcs (D:3)
  7 endoplasms
  4 giant cockroaches
  4 goblins
  4 hobgoblins
  4 jackals
  3 kobolds
  6 quokkas
  3 ball pythons
  6 bats
  3 frilled lizards (D:2)
  A rat (D:2)
71 creatures vanquished.

Notes
Turn   | Place    | Note
-------+----------+-------------------------------------------
     0 | D:1      | Ajdolov the Troll Monk began the quest for the Orb.
     0 | D:1      | Reached XP level 1. HP: 22/22 MP: 0/0
   215 | D:1      | Reached XP level 2. HP: 27/29 MP: 1/1
   670 | D:1      | Reached skill level 4 in Unarmed Combat
   878 | D:2      | Reached XP level 3. HP: 36/36 MP: 2/2
  1119 | D:2      | Found a faded altar of an unknown god.
  1221 | D:2      | Noticed Terence
  1228 | D:2      | Reached skill level 5 in Unarmed Combat
  1228 | D:2      | Reached XP level 4. HP: 25/44 MP: 3/3
  1247 | D:2      | Killed Terence
  1718 | D:3      | Reached XP level 5. HP: 50/50 MP: 4/4
  1735 | D:3      | Reached skill level 6 in Unarmed Combat
  1763 | D:3      | Found an ornate altar of the Wu Jian Council.
  2044 | D:4      | Found a shimmering blue altar of Sif Muna.
  2057 | D:4      | Found a shadowy altar of Dithmenos.
  2118 | D:4      | Reached XP level 6. HP: 57/59 MP: 5/5
  2147 | D:4      | Noticed Pikel
  2156 | D:4      | Slain by Pikel

Illustrated notes

Levels and vault maps discovered:
D:1:      lightli_arrival_chessboard, layout_basic,
          chequers_serial_rivers_micro_d
D:2:      layout_rooms, dreamdust_ecumenical_altar_statues, uniq_terence
D:3:      layout_loops_cross, mainiacjoe_overflow_surrounded_room
D:4:      layout_basic, mainiacjoe_overflow_catwalk_spiral,
          mainiacjoe_overflow_24_doors, uniq_pikel

Skill      XL: |  1  2  3  4  5 |
---------------+----------------+-----
Unarmed Combat | 4 5 6 |  6.8
Fighting       | |  2.4
Dodging        | |  2.4
Stealth        | |  1.0

Action                   |  1- 3 |  4- 6 || total
-------------------------+-------+-------++-------
Melee: Unarmed           |    76 |   108 ||   184
       Punch             |       |     1 ||     1
 Stab: Sleeping          |     2 |     1 ||     3
Armor: Robe              |    19 |    41 ||    60
Dodge: Dodged            |    39 |    45 ||    84

Table legend: (Time is in decaauts)
 A = Elapsed time spent in this place.
 B = Non-inter-level travel time spent in this place.
 C = Inter-level travel time spent in this place.
 D = Time resting spent in this place.
 E = Time spent auto-exploring this place.
 F = Levels seen in this place.
 G = Mean time per level.
                   A        B        C        D        E       F      G
               +--------+--------+--------+--------+--------+-----+--------+
         Total |   2138 |   2066 |     72 |      0 |   1625 |   4 |  534.5 |
       Dungeon |   2138 |   2066 |     72 |      0 |   1625 |   4 |  534.5 |
               +--------+--------+--------+--------+--------+-----+--------+

Top non-repeatable levels by time:
     D:1: 868 daAuts
     D:3: 636 daAuts
     D:2: 490 daAuts
     D:4: 142 daAuts
